 Dungeon Crawl Stone Soup version 0.20.1-1-g8b1a95d (webtiles) character file.

63648 letownia2 the Cleaver (level 14, 118/123 HPs)
             Began as a Deep Dwarf Necromancer on Dec 18, 2017.
             Was an Initiate of Gozag.
             Quit the game in a bazaar.
             The game lasted 01:17:38 (19491 turns).

letownia2 the Cleaver (Deep Dwarf Necromancer)     Turns: 19491, Time: 01:17:38

Health: 118/123    AC: 21    Str: 15    XL:     14   Next: 68%
Magic:  46/46      EV: 12    Int: 26    God:    Gozag
Gold:   2415       SH:  0    Dex: 16    Spells: 20/32 levels left

rFire    x . .     SeeInvis +   a - +1 war axe (venom)
rCold    + + .     Gourm    .   (no shield)
rNeg     + + .     Faith    .   n - +0 ice dragon scales
rPois    .         Spirit   .   q - +3 hat of Pondering {ponderous, MR+ MP+10 Int+5}
rElec    +         Reflect  .   e - +0 cloak of Gimam {rN+ Int+3} (curse)
rCorr    .         Harm     .   t - +2 pair of gloves
MR       +....                  O - +0 pair of boots
Stlth    +.........             (no amulet)
Regen    0.0/turn               M - ring of magical power
MPRegen  0.3/turn               r - ring "Jag Hual" {rElec Dex+3 Slay+2 SInv}

@: vulnerable, non-regenerating, slow
A: damage resistance, heal wounds, negative energy resistance 1, sense
surroundings 2, no regeneration
a: Heal Wounds, Potion Petition, Call Merchant, Bribe Branch, Renounce Religion


You were in a bazaar.
You worshipped Gozag.
Gozag was most pleased with you.
You were near starving.

You visited 4 branches of the dungeon, and saw 22 of its levels.
You visited 1 bazaar.

You collected 6887 gold pieces.
You spent 276 gold pieces at shops.
You paid 4196 gold pieces to Gozag.

Inventory:

Hand Weapons
 a - a +1 war axe of venom (weapon)
 b - a +2 hand axe of electrocution
 c - a +1 blowgun
 d - a +2 shortbow of freezing
 C - a +0 battleaxe
 W - a +4 spear of freezing
Missiles
 A - 204 arrows
 L - 2 throwing nets (quivered)
 P - 24 bolts
 Z - 5 curare-tipped needles
Armour
 e - the cursed +0 cloak of Gimam (worn) {rN+ Int+3}
   (You bought it in a shop in a bazaar)

   It affects your intelligence (+3).
   It protects you from negative energy.
   It has a curse placed upon it.
 n - +0 ice dragon scales (worn)
 q - the +3 hat of Pondering (worn) {ponderous, MR+ MP+10 Int+5}
   (You found it on level 1 of the Lair of Beasts)

   It affects your intelligence (+5).
   It affects your resistance to hostile enchantments.
   It affects your magic capacity (+10).
 t - a +2 pair of gloves (worn)
 z - a +1 ring mail of fire resistance
 H - a scarf of repulsion
 O - a +0 pair of boots (worn)
Jewellery
 o - an uncursed ring of ice
 r - the ring "Jag Hual" (right hand) {rElec Dex+3 Slay+2 SInv}
   (You found it on level 9 of the Dungeon)

   [ring of dexterity]

   It affects your dexterity (+3).
   It affects your accuracy and damage with ranged weapons and melee attacks
   (+2).
   It insulates you from electricity.
   It lets you see invisible.
 M - a ring of magical power (left hand)
 Q - an uncursed ring of poison resistance
Scrolls
 f - 2 scrolls of teleportation
 i - 3 scrolls of identify
 j - 3 scrolls of remove curse
 s - 2 scrolls of fear
 B - a scroll of blinking
 E - a scroll of magic mapping
 R - 3 scrolls of recharging
Potions
 g - 2 potions of mutation {unknown}
 k - 2 potions of brilliance
 m - 3 potions of agility {unknown}
 p - 5 potions of heal wounds
 v - 5 potions of flight
 w - 3 potions of magic
 D - 4 potions of curing {unknown}
 G - a potion of cancellation {unknown}
 K - a potion of lignification {unknown}
 S - a potion of invisibility {unknown}
 T - a potion of resistance {unknown}
 U - a potion of might {unknown}
Comestibles
 h - 11 bread rations
 V - 7 fruits


   Skills:
 + Level 7.6 Fighting
 - Level 14.6 Axes
 - Level 7.4 Armour
 - Level 5.9 Dodging
 - Level 2.4 Stealth
 - Level 9.5 Spellcasting
 - Level 3.0 Conjurations
 + Level 13.9 Necromancy
 - Level 2.7 Translocations
 - Level 2.6 Fire Magic
 - Level 4.3 Air Magic
 - Level 2.1 Poison Magic
   Level 5.5 Evocations


You had 20 spell levels left.
You knew the following spells:

 Your Spells              Type           Power        Failure   Level  Hunger
a - Pain                  Necr           ####         1%          1    None
b - Blink                 Tloc           N/A          10%         2    None
c - Conjure Flame         Conj/Fire      ####....     19%         3    None
e - Mephitic Cloud        Conj/Pois/Air  ####....     17%         3    None
v - Vampiric Draining     Necr           ######....   1%          3    None


Dungeon Overview and Level Annotations

Branches:
Dungeon (13/15)            Temple (1/1) D:7            Lair (6/6) D:9
  Slime (0/5) Lair:5          Orc (2/2) D:10            Elf (0/3) Orc:2
  Swamp: Lair:2-4    Shoals: Lair:2-4     Snake: Lair:2-4    Spider: Lair:2-4
 Vaults: D:13-14

Altars:
Cheibriados
Elyvilon
Fedhas
Gozag
Hepliaklqana
Qazlal
Trog
Zin
Beogh
Jiyva

Shops:
Orc:2 ?*}(   Lair:2 [[=[   Lair:5 [

Annotations:
D:12 2 exclusions


Innate Abilities, Weirdness & Mutations

You are resistant to damage.
You can heal yourself by infusing magical energy.
You resist negative energy. (rN+)
You passively map the area around you.
You do not regenerate.


Message History

Okay, then.
Put on which piece of jewellery? (? for menu, Esc to quit)
Okay, then.
Okay, then.
Are you sure you want to abandon this character and quit the game? (Confirm with "yes".)
Okay, then.
Unknown command.
As you read the scroll labeled RIURGHU ZIPT, it crumbles to dust.
You feel momentarily disoriented.
It was a scroll of magic mapping.
As you read the scroll labeled OFULYRISHRA, it crumbles to dust.
Magic quickly surges around you.
It was a scroll of vulnerability.
As you read the scroll labeled YMUOTRUVIL, it crumbles to dust.
You speak a Word of immense power!
It was a scroll of holy word.
Are you sure you want to abandon this character and quit the game? (Confirm with "yes".)
Okay, then.
Put on which piece of jewellery? (? for menu, Esc to quit)
Okay, then.
Wear which item? (? for menu, Esc to quit)
Okay, then.
Are you sure you want to abandon this character and quit the game? (Confirm with "yes".)

..## ##.......###########.. ###
####.#### ### #.# #.# #.# ###
####.#### ### ..## ##.......##
##..
...#########.........#########...
...........'....@................
...#########.........#########...
..## ##.......## ##.. ###
####.#### ### #.# #.# #.# ###
####.#### ###
..###########.......###########..


There were no monsters in sight!

Vanquished Creatures
  Josephine (Orc:2)
  Fannar (Lair:2)
  4 hydras
  Erica (D:8)
  A merfolk avatar (Lair:6)
  3 two-headed ogres
  2 centaur warriors (D:13)
  3 death yaks (D:9)
  5 orc high priests
  The ghost of letownia2 the Thaumaturge, a novice DDNe of Gozag (D:8)
  5 skeletal warriors (D:11)
  2 harpies
  Pikel (D:4)
  5 orc knights
  4 orc sorcerers (Orc:2)
  4 ugly things
  A manticore (Lair:6)
  15 elephants
  2 black mambas
  An eye of devastation (Lair:5)
  A gargoyle (D:13)
  A centaur zombie (D:12)
  10 komodo dragons
  6 spiny frogs
  2 centaur skeletons
  5 rime drakes
  A troll (D:12)
  2 polar bears
  2 wind drakes (Lair:6)
  2 dream sheep (D:13)
  2 hornets
  Prince Ribbit (D:7)
  A slime creature (D:11)
  6 hippogriffs
  13 blink frogs
  41 yaks
  5 wraiths (Orc:2)
  Eustachio (D:6)
  4 wyverns
  A basilisk (D:13)
  Menkaure (D:4)
  3 wargs
  8 water moccasins
  3 porcupines
  5 ice beasts
  30 orc warriors
  A phantom (D:5)
  A sky beast (D:13)
  2 eyes of draining
  4 necrophages (Lair:5)
  3 slaves
  24 wolves
  10 ogres
  11 centaurs
  12 crocodiles
  5 big kobolds
  10 bullfrogs
  A gnoll sergeant (D:7)
  2 scorpions
  A wyvern skeleton (D:12)
  2 water moccasin skeletons
  A wight (D:7)
  5 howler monkeys
  3 crimson imps
  A quasit (D:7)
  6 hounds
  7 jellies
  Crazy Yiuf (D:7)
  18 orc priests
  2 bullfrog skeletons
  7 iguanas
  28 orc wizards
  9 worker ants
  A hound zombie (D:8)
  Robin (D:3)
  2 worker ant zombies
  18 gnolls
  13 adders
  2 shadow imps
  2 oozes (D:6)
  2 worms
  4 dart slugs
  5 leopard geckos
  78 orcs
  A ball python (D:1)
  8 giant cockroaches
  17 goblins
  8 hobgoblins
  14 jackals
  6 quokkas
  A ball python skeleton (D:4)
  4 bats
  3 frilled lizards
  22 kobolds
  A quokka zombie (D:5)
  10 rats
  3 plants (Lair:6)
622 creatures vanquished.

Vanquished Creatures (others)
  A slave (D:7)
  A bullfrog skeleton (D:7)
  2 jackals (D:7)
  A quokka (D:7)
  11 fungi (Lair:6)
  13 plants
29 creatures vanquished.

Grand Total: 651 creatures vanquished

Notes
Turn   | Place    | Note
-------+----------+-------------------------------------------
     0 | D:1      | letownia2 the Deep Dwarf Necromancer began the quest for the Orb.
     0 | D:1      | Reached XP level 1. HP: 15/15 MP: 3/3
   237 | D:3      | Reached XP level 2. HP: 13/22 MP: 4/5
   381 | D:3      | Reached skill level 5 in Necromancy
   381 | D:3      | Reached XP level 3. HP: 16/28 MP: 6/6
   386 | D:3      | Learned a level 3 spell: Vampiric Draining
   524 | D:4      | Noticed an ogre
   650 | D:4      | Noticed Menkaure
   659 | D:4      | HP: 1/42 [Menkaure/nerve-wracking pain (5)]
   664 | D:4      | Killed Menkaure
   664 | D:4      | Reached XP level 4. HP: 2/36 MP: 7/7
   664 | D:4      | Reached XP level 5. HP: 2/42 MP: 8/8
   752 | D:4      | Noticed an ogre
  1293 | D:4      | Noticed a slave
  1473 | D:5      | Entered Level 5 of the Dungeon
  1482 | D:5      | Reached XP level 6. HP: 29/49 MP: 10/10
  1790 | D:4      | Reached skill level 1 in Fighting
  1796 | D:4      | Noticed a slave
  1808 | D:4      | Reached skill level 1 in Armour
  1933 | D:4      | Reached XP level 7. HP: 37/57 MP: 3/12
  2289 | D:4      | Noticed Pikel
  2553 | D:6      | Found a snail-covered altar of Cheibriados.
  2554 | D:6      | Noticed Eustachio
  2562 | D:6      | Killed Eustachio
  2884 | D:6      | Learned a level 2 spell: Blink
  2888 | D:6      | Learned a level 3 spell: Conjure Flame
  2892 | D:6      | Learned a level 3 spell: Mephitic Cloud
  2955 | D:6      | Reached XP level 8. HP: 47/69 MP: 13/13
  3078 | D:7      | Found a staircase to the Ecumenical Temple.
  3088 | Temple   | Entered the Ecumenical Temple
  3123 | Temple   | Became a worshipper of Gozag Ym Sagoz the Greedy
  3267 | D:3      | Found a bloodstained altar of Trog.
  3306 | D:3      | Noticed Robin
  3329 | D:3      | Reached skill level 1 in Fire Magic
  3331 | D:3      | Killed Robin
  4014 | D:2      | Reached skill level 1 in Translocations
  4211 | D:1      | Reached skill level 1 in Conjurations
  4997 | D:4      | Reached skill level 1 in Air Magic
  5013 | D:4      | Reached skill level 1 in Poison Magic
  5166 | D:4      | Killed Pikel
  5498 | D:6      | Gained mutation: You passively map the area around you. [Deep Dwarf growth]
  5498 | D:6      | Reached XP level 9. HP: 55/75 MP: 15/15
  5653 | D:6      | Reached skill level 5 in Spellcasting
  5858 | D:7      | Noticed Prince Ribbit
  5880 | D:7      | Killed Prince Ribbit
  5947 | D:7      | Noticed a white ugly thing
  6073 | D:7      | Found a white marble altar of Elyvilon.
  6074 | D:7      | Found a stormy altar of Qazlal.
  6083 | D:7      | Found a blossoming altar of Fedhas.
  6085 | D:7      | Found a hazy altar of Hepliaklqana.
  6085 | D:7      | Found a snail-covered altar of Cheibriados.
  6097 | D:7      | Killed a white ugly thing
  6529 | D:7      | Found a runed door.
  6533 | D:7      | Noticed Crazy Yiuf
  6543 | D:7      | Killed Crazy Yiuf
  6835 | D:8      | Reached XP level 10. HP: 75/84 MP: 22/22
  6970 | D:8      | Noticed letownia2's ghost (novice DDNe)
  7115 | D:8      | Noticed Erica
  7126 | D:8      | Killed Erica
  7528 | D:8      | Killed letownia2's ghost
  7675 | D:9      | Noticed a death yak
  7684 | D:9      | Noticed a death yak
  7687 | D:9      | Noticed a death yak
  7694 | D:9      | Killed a death yak
  7694 | D:9      | Reached skill level 10 in Necromancy
  7886 | D:9      | Got a flickering amber ring
  7919 | D:9      | Identified the ring "Jag Hual" {rElec Dex+3 Slay+2 SInv} (You found it on level 9 of the Dungeon)
  8156 | D:9      | Found a staircase to the Lair.
  8171 | D:9      | Killed a death yak
  8171 | D:9      | Reached skill level 5 in Dodging
  8176 | D:9      | Reached XP level 11. HP: 47/90 MP: 12/23
  8230 | D:9      | Killed a death yak
  8550 | D:10     | Entered Level 10 of the Dungeon
  8791 | D:10     | Found a blossoming altar of Fedhas.
  8903 | D:10     | Found a staircase to the Orcish Mines.
  9286 | D:11     | Noticed a skeletal warrior
  9286 | D:11     | Noticed a skeletal warrior
  9354 | D:11     | Reached skill level 1 in Evocations
  9414 | D:11     | Found a viscous altar of Jiyva.
  9545 | D:11     | Noticed a skeletal warrior
  9545 | D:11     | Noticed a skeletal warrior
  9867 | Lair:1   | Entered Level 1 of the Lair of Beasts
 10002 | Lair:1   | Reached skill level 5 in Armour
 10002 | Lair:1   | Reached skill level 5 in Evocations
 10341 | Lair:2   | Noticed Fannar
 10380 | Lair:2   | Killed Fannar
 10581 | Orc:1    | Entered Level 1 of the Orcish Mines
 10759 | Orc:1    | Noticed an orc knight
 10762 | Orc:1    | Noticed an orc high priest
 10968 | D:10     | Killed an orc knight
 11012 | D:10     | Reached XP level 12. HP: 40/97 MP: 9/25
 11151 | Lair:3   | Noticed a seven-headed hydra
 11430 | Orc:1    | Killed an orc high priest
 11639 | Orc:1    | Reached skill level 1 in Axes
 11819 | Orc:1    | Noticed an orc high priest
 11861 | Orc:1    | Killed an orc high priest
 11861 | Orc:1    | Reached skill level 3 in Axes
 11881 | Orc:1    | Found a roughly hewn altar of Beogh.
 12035 | Orc:2    | Entered Level 2 of the Orcish Mines
 12045 | Orc:2    | Found a staircase to the Elven Halls.
 12506 | Orc:2    | Reached skill level 4 in Axes
 12885 | Orc:2    | Reached skill level 5 in Axes
 12901 | Orc:2    | Noticed Josephine
 12942 | Orc:2    | Killed Josephine
 12942 | Orc:2    | Reached skill level 6 in Axes
 13322 | Orc:2    | Reached skill level 7 in Axes
 13349 | Orc:2    | Noticed an orc high priest
 13483 | Orc:2    | Killed an orc high priest
 13518 | Orc:2    | Reached skill level 8 in Axes
 13559 | Orc:2    | Noticed an orc high priest
 13581 | Orc:2    | Killed an orc high priest
 13581 | Orc:2    | Reached skill level 9 in Axes
 13966 | Orc:2    | Found Nuthutij's Magic Scroll Shoppe.
 13995 | Orc:2    | Noticed an orc high priest
 14001 | Orc:2    | Reached skill level 10 in Axes
 14012 | Orc:2    | Killed an orc high priest
 14124 | Orc:2    | Found Notoesk's General Store.
 14130 | Orc:2    | Found Rimytz's Gadget Shop.
 14132 | Orc:2    | Found Jyenwesasm's Antique Weapon Shoppe.
 14489 | Lair:2   | Reached XP level 13. HP: 85/103 MP: 26/26
 14737 | Lair:3   | Reached skill level 11 in Axes
 15049 | Lair:5   | Reached skill level 12 in Axes
 15270 | Lair:6   | Entered Level 6 of the Lair of Beasts
 15411 | Lair:6   | Reached skill level 13 in Axes
 15798 | Lair:5   | Reached skill level 14 in Axes
 15998 | Lair:5   | Found a staircase to the Slime Pits.
 16451 | Lair:6   | Gained mutation: You resist negative energy. (rN+) [Deep Dwarf growth]
 16451 | Lair:6   | Reached XP level 14. HP: 95/114 MP: 27/27
 16785 | Lair:6   | Reached skill level 5 in Fighting
 17527 | D:11     | Paralysed by a hornet for 3 turns
 18737 | D:13     | Found a flickering gateway to a bazaar.
 19298 | Bazaar   | Entered a bazaar
 19319 | Bazaar   | Found Foloof's Antique Armour Boutique.
 19376 | Bazaar   | Found Jamy's Jewellery Shoppe.
 19396 | Bazaar   | Found Vukoupho's Gadget Emporium.
 19404 | Bazaar   | Found Okher's Book Shop.
 19444 | Bazaar   | Found Orub's Distillery.
 19452 | Bazaar   | Bought a potion of degeneration for 10 gold pieces
 19478 | Bazaar   | Bought a crude cloak for 266 gold pieces
 19488 | Bazaar   | Identified the cursed +0 cloak of Gimam {rN+ Int+3} (You bought it in a shop in a bazaar)
 19491 | Bazaar   | Quit the game

Skill      XL: |  1  2  3  4  5  6  7  8  9 10 11 12 13 14 |
---------------+-------------------------------------------+-----
Spellcasting   | 2 3 4 8 9 |  9.5
Necromancy     | 5 7 8 10 11 12 13 | 13.9
Fighting       | 1 3 4 7 |  7.6
Armour         | 1 3 7 |  7.4
Fire Magic     | 2 |  2.6
Translocations | 2 |  2.7
Conjurations   | 2 3 |  3.0
Air Magic      | 2 3 4 |  4.3
Poison Magic   | 2 |  2.1
Dodging        | 5 |  5.9
Evocations     | 5 |  5.5
Axes           | 10 14 | 14.6
Stealth        | |  2.4

Action                   |  1- 3 |  4- 6 |  7- 9 | 10-12 | 13-15 || total
-------------------------+-------+-------+-------+-------+-------++-------
Melee: Dagger            |     7 |    16 |   277 |   430 |       ||   730
       Scimitar          |       |       |    12 |     7 |     8 ||    27
       Hand axe          |       |       |       |   149 |   552 ||   701
       Spear             |       |       |       |    61 |       ||    61
       War axe           |       |       |       |       |     4 ||     4
       Battleaxe         |       |       |       |       |     1 ||     1
 Fire: Shortbow          |       |       |    18 |       |    39 ||    57
       Blowgun           |       |       |       |     3 |       ||     3
Throw: Throwing net      |       |       |       |     2 |       ||     2
 Cast: Pain              |    32 |    11 |   161 |    17 |    29 ||   250
       Vampiric Draining |     2 |    27 |    58 |   282 |   238 ||   607
       Mephitic Cloud    |       |       |    11 |    34 |    10 ||    55
       Conjure Flame     |       |       |     4 |    38 |    29 ||    71
       Blink             |       |       |       |     3 |     7 ||    10
Invok: Call Merchant     |       |       |       |     4 |     1 ||     5
Evoke: Wand              |       |       |       |     4 |    14 ||    18
  Use: Scroll            |     3 |       |     3 |    10 |     3 ||    19
       Potion            |     2 |       |       |       |       ||     2
 Stab: Distracted        |       |       |     2 |     3 |     3 ||     8
       Confused          |       |       |     1 |    21 |     4 ||    26
       Sleeping          |       |       |       |     4 |       ||     4
       Held in net/web   |       |       |       |     2 |       ||     2
       Paralysed         |       |       |       |       |     3 ||     3
  Eat: Chunk             |       |     6 |     7 |       |     1 ||    14
       Meat ration       |       |       |     3 |     3 |       ||     6
       Fruit             |       |       |       |    11 |    10 ||    21
       Royal jelly       |       |       |       |     1 |     2 ||     3
Armor: Robe              |     2 |     5 |       |       |       ||     7
       Ring mail         |       |    16 |    27 |    45 |       ||    88
       Leather armour    |       |       |   139 |   104 |       ||   243
       Ice dragon scales |       |       |       |   157 |   420 ||   577
Dodge: Dodged            |     3 |    42 |   279 |   524 |   467 ||  1315
       Deflected         |       |       |       |    11 |    17 ||    28
